 Dungeon Crawl Stone Soup version 0.30-a0-800-g7c544603b3 (webtiles) character file.

Game seed: 5079089185311238104

50 Hubris850 the Conjurer (level 3, 0/26 HPs)
             Began as a Draconian Conjurer on Feb 21, 2023.
             Slain by a goblin
             ... wielding a +0 dagger
             ... led by Robin
              (4 damage)
             ... on level 2 of the Dungeon.
             The game lasted 00:03:40 (1528 turns).

Hubris850 the Conjurer (Draconian Conjurer)         Turns: 1528, Time: 00:03:41

Health: 0/26       AC:  5    Str:  9    XL:     3   Next: 55%
Magic:  5/15       EV: 12    Int: 20    God:
Gold:   140        SH:  0    Dex:  9    Spells: 3/6 levels left

rFire   . . .      SeeInvis .    i - +2 dagger (venom)
rCold   . . .      Faith    .    (no shield)
rNeg    . . .      Spirit   .    (body armour unavailable)
rPois   .          Reflect  .    (helmet restricted)
rElec   .          Harm     .    (no cloak)
rCorr   .          Rampage  .    (no gloves)
Will    .....                    (no boots)
Stlth   ++                       (no amulet)
HPRegen 0.24/turn                g - ring of magical power
MPRegen 0.14/turn                (no ring)

@: no status effects
A: AC +5, unfitting armour, cold-blooded
a: no special abilities


You were on level 2 of the Dungeon.
You visited 1 branch of the dungeon, and saw 2 of its levels.

You collected 140 gold pieces.

Inventory:

Hand Weapons
 i - a +2 dagger of venom (weapon)
 l - a +0 short sword of freezing
Missiles
 b - 2 throwing nets
 c - 3 poisoned darts
Jewellery
 g - a ring of magical power (left hand)
Wands
 n - a wand of mindburst (21)
Scrolls
 d - 3 scrolls of identify {unknown}
 e - a scroll of noise {unknown}
 h - a scroll of enchant armour {unknown}
 o - a scroll of immolation {unknown}
 p - a scroll of teleportation {unknown}
Potions
 a - a potion of magic
 f - a potion of mutation {unknown}
 j - a potion of flight {unknown}
 k - a potion of attraction {unknown}
 m - a potion of brilliance {unknown}
 q - a potion of berserk rage {unknown}


   Skills:
 + Level 3.2 Dodging
 - Level 2.5 Stealth
 - Level 2.0 Spellcasting
 - Level 4.0 Conjurations


You had 3 spell levels left.
You knew the following spells:

 Your Spells              Type           Power      Damage    Failure   Level
a - Magic Dart            Conj           72%        1d6       3%          1
b - Searing Ray           Conj           36%        2d5       4%          2

Your spell library contained the following spells:

 Spells                   Type           Power      Damage    Failure   Level
 Slow                     Hex            8%         N/A       16%         1
 Dazzling Flash           Conj/Hex       20%        N/A       21%         3
 Confusing Touch          Hex            2%         N/A       43%         3
 Vampiric Draining        Necr           2%         2d6       43%         3
 Fulminant Prism          Conj/Hex       5%         3d7       56%         4
 Iskenderun's Mystic Bla  Conj/Tloc      10%        2d4       56%         4


Dungeon Overview and Level Annotations

Branches:
Dungeon (2/15)

Altars:

Annotations:
D:2 Robin


Innate Abilities, Weirdness & Mutations

Your plain brown scales are hard. (AC +5)
You cannot fit into any form of body armour.
You are cold-blooded and may be slowed by cold attacks.


Message History

You completely miss the goblin.
The goblin is severely wounded.
Robin throws the goblin at you! The goblin hits you but does no damage.
The goblin closely misses you.
Casting: Searing Ray (safe; 4% risk of failure)
Confirm with . or Enter, or press ? or * to list all spells.
Aiming: Searing Ray (safe; 4% risk of failure)
Press: ? - help, Shift-Dir - straight line The searing ray hits the goblin!
You kill the goblin!
The searing ray misses Robin. (Press . to maintain the ray.)
The goblin hits you with a +0 dagger.
The searing ray hits Robin.
Robin is moderately wounded.
The searing ray misses the hobgoblin.
The goblin closely misses you.
Robin zaps a wand.
The roots erupt in riotous growth!
The grasping roots grab you!
The goblin is unaffected.
The grasping roots constrict you.
The searing ray hits Robin.
Robin is moderately wounded.
The searing ray misses the hobgoblin.
The goblin hits you with a +0 dagger.
A kobold comes into view. It is wielding a +0 short sword.
The grasping roots constrict you.
The grasping roots release their grip on you.
The searing ray misses Robin.
The searing ray hits the hobgoblin!
You kill the hobgoblin!
You finish channelling your searing ray.
Robin barely misses you. The goblin hits you but does no damage.
You hit Robin.
Robin is poisoned.
Robin is heavily wounded.
Robin hits you with a +0 short sword.
* * * LOW HITPOINT WARNING * * *
The goblin hits you but does no damage. The goblin hits you with a +0 dagger.
* * * LOW HITPOINT WARNING * * *
Robin throws the goblin at you! The goblin hits you but does no damage.
The goblin closely misses you. The goblin attacks as you move away!
The goblin hits you with a +0 dagger.
You die...

.........#[........####....#..
...#######.............>...####
...# #########.#####.#.# ####
#.....##.#.# #.....##[#.#
#####.....# .# #g........# .
#.##g###.## .g## #)##@#...#
.gg.. #K##.#.### ......#g##.#.#
...g))).#..<.# ......###.#....#
#####. #....).# # #..##).# #..
.<.. ... ####.


You could see a goblin (strong).

Vanquished Creatures
  A worm (D:2)
  4 endoplasms (D:2)
  3 giant cockroaches
  12 goblins
  3 hobgoblins
  4 kobolds
  2 quokkas
  3 ball pythons
  4 bats
  3 frilled lizards
  A rat (D:2)
40 creatures vanquished.

Notes
Turn   | Place    | Note
-------+----------+-------------------------------------------
     0 | D:1      | Hubris850 the Draconian Conjurer began the quest for the
                  | Orb.
     0 | D:1      | Reached XP level 1. HP: 14/14 MP: 3/3
   457 | D:1      | Reached XP level 2. HP: 20/20 MP: 3/5
   460 | D:1      | Learned a level 2 spell: Searing Ray
   611 | D:1      | Found a faded altar of an unknown god.
  1176 | D:2      | Reached XP level 3. HP: 23/26 MP: 6/6
  1506 | D:2      | Noticed Robin
  1528 | D:2      | Slain by a goblin

Illustrated notes

Levels and vault maps discovered:
D:1:      noname_arrival_rooms_in_the_neighbourhood, layout_basic,
          ebering_ecumenical_altar_mist
D:2:      layout_basic, minmay_pentomino_pile, uniq_robin

Skill      XL: |  1  2  3 |
---------------+----------+-----
Stealth        | 2 |  2.5
Dodging        | 2 3 |  3.2
Spellcasting   | |  2.0
Conjurations   | |  4.0

Action                     || total
---------------------------++-------
  Melee: Unarmed           ||    22
         Tailslap          ||     3
         Dagger            ||     8
   Cast: Magic Dart        ||    60
         Searing Ray       ||     2
 Armour: Skin              ||    14
  Dodge: Dodged            ||    29

Table legend: (Time is in decaauts)
 A = Elapsed time spent in this place.
 B = Non-inter-level travel time spent in this place.
 C = Inter-level travel time spent in this place.
 D = Time resting spent in this place.
 E = Time spent auto-exploring this place.
 F = Levels seen in this place.
 G = Mean time per level.
                   A        B        C        D        E       F      G
               +--------+--------+--------+--------+--------+-----+--------+
         Total |   1526 |   1454 |     72 |    140 |   1118 |   2 |  763.0 |
       Dungeon |   1526 |   1454 |     72 |    140 |   1118 |   2 |  763.0 |
               +--------+--------+--------+--------+--------+-----+--------+

Top non-repeatable levels by time:
     D:1: 971 daAuts
     D:2: 555 daAuts
